 Dungeon Crawl Stone Soup version 0.30-a0-34-gbe8da3892a (webtiles) character file.

Game seed: 6284084713236176745

4855 ytrimaz the Transmogrifier (level 10, -6/87 HPs)
             Began as an Octopode Transmuter on Aug 27, 2022.
             Was an Initiate of Ashenzari.
             Mangled by a yak (8 damage)
             ... on level 8 of the Dungeon.
             The game lasted 00:14:31 (11994 turns).

ytrimaz the Transmogrifier (Octopode Transmuter)   Turns: 11994, Time: 00:14:32

Health: -6/87      AC: 25    Str:  9    XL:     10   Next: 49%
Magic:  23/23      EV:  2    Int: 20    God:    Ashenzari [......]
Gold:   550        SH:  0    Dex: 13    Spells: 17/27 levels left

rFire   . . .      SeeInvis .      - Unarmed
rCold   . . .      Faith    .    (no shield)
rNeg    . . .      Spirit   .    (helmet currently unavailable)
rPois   +          Reflect  .    g - amulet of the acrobat
rElec   .          Harm     .    t - ring of flight
rCorr   +          Rampage  .    h - ring of resist corrosion
Will    .....      NoTele   +    m - ring of poison resistance
Stlth   +.........               (no ring)
HPRegen 0.24/turn                (no ring)
MPRegen 0.18/turn                (no ring)
                                 (no ring)
                                 (no ring)

@: mighty, tree-form (expiring), wereblooded, on berserk cooldown, hasted and
slowed
A: stationary, stasis, torment immunity, boosted hp, almost no armour,
(amphibious), 8 rings, (camouflage 1), (gelatinous body 1), (nimble swimmer 1),
(tentacles)
a: Renounce Religion


You were on level 8 of the Dungeon.
You worshipped Ashenzari.
Ashenzari was noncommittal.
You were a tree.
You visited 2 branches of the dungeon, and saw 9 of its levels.
You also visited: Sewer.

You collected 550 gold pieces.

Inventory:

Jewellery
 g - an amulet of the acrobat (around neck)
 h - a ring of resist corrosion (right branch)
 m - a ring of poison resistance (on tentacle)
 t - a ring of flight (left branch)
Wands
 l - a wand of flame (12)
 o - a wand of paralysis (1)
 s - a wand of roots (13)
Scrolls
 a - a scroll of identify
 b - 2 scrolls of poison
 d - 2 scrolls of teleportation
 f - 2 scrolls of immolation
 i - a scroll of blinking
 j - a scroll of fear
 k - 2 scrolls of fog
Potions
 c - a potion of flight
 e - 2 potions of mutation
 p - a potion of magic
 r - a potion of ambrosia {unknown}


   Skills:
 - Level 1.0 Fighting
 - Level 2.0 Dodging
 + Level 4.3 Unarmed Combat
 + Level 9.3 Spellcasting
 + Level 9.4 Transmutations
 - Level 5.0 Ice Magic
 - Level 4.0 Poison Magic


You had 17 spell levels left.
You knew the following spells:

 Your Spells              Type           Power      Damage    Failure   Level
a - Beastly Appendage     Tmut           94%        N/A       1%          1
b - Wereblood             Tmut           47%        N/A       1%          2
c - Spider Form           Tmut/Pois      36%        N/A       1%          3
d - Ice Form              Ice/Tmut       38%        N/A       3%          4

Your spell library contained the following spells:

 Spells                   Type           Power      Damage    Failure   Level
 Sting                    Tmut/Pois      100%       1d8       1%          1
 Passwall                 Tmut/Erth      23%        N/A       1%          2
 Poisonous Vapours        Pois/Air       34%        N/A       4%          2
 Blade Hands              Tmut           23%        N/A       4%          5
 Sandblast                Erth           18%        2d7       8%          1
 Olgreb's Toxic Radiance  Pois           25%        N/A       14%         4
 Portal Projectile        Hex/Tloc       18%        N/A       22%         3
 Stone Arrow              Conj/Erth      18%        3d8       22%         3
 Tukima's Dance           Hex            9%         N/A       22%         3
 Animate Dead             Necr           9%         N/A       58%         4
 Haunt                    Necr/Summ      4%         N/A       100%        7
 Ozocubu's Refrigeration  Ice            14%        4d10      100%        7
 Ignition                 Fire           4%         3d4       100%        8
 Infestation              Necr           4%         N/A       100%        8


Dungeon Overview and Level Annotations

Branches:
Dungeon (8/15)             Temple (1/1) D:7           Sewer (visited)
   Lair: D:8-11

Altars:
Ashenzari
Cheibriados
Dithmenos
Elyvilon
Fedhas
Gozag
Makhleb
Nemelex Xobeh
Okawaru
Qazlal
Ru
Sif Muna
Trog
Uskayaw
Vehumet
Wu Jian
Xom
Yredelemnul
Zin
The Shining One

Shops:
D:5 *

Annotations:
D:8 Erica


Innate Abilities, Weirdness & Mutations

You are a tree.
Your roots penetrate the ground, keeping you stationary.
You cannot be teleported.
You are immune to unholy pain and torment.
Your maximum health is greatly increased.
You cannot wear most types of armour.
((You are amphibious.))
You can wear up to eight rings at the same time.
((Your skin changes colour to match your surroundings (Stealth+).))
((Your rubbery body absorbs attacks. (AC +1, EV +1)))
((You are camouflaged when in or above water. (Stealth+)))
((You have tentacles for arms and can constrict up to eight enemies at once.))


Message History

You smack the yak!
You feel a bit better.
You kill the yak!
You feel sick. The yak gores you but does no damage.
You hear some strange, mumbled words.
A lance of force appears from out of thin air!
The lance of force hits you but does no damage.
You pummel something!! Your punch misses something.
You feel sick.
You completely miss something. The yak gores you but does no damage.
You hear some strange, mumbled words.
You feel yourself slow down.
You closely miss something.
You feel sick. The yak gores you but does no damage.
You hear some strange, mumbled words.
Something tries to affect you, but you resist.
You barely miss something.
You creak as the wereblood boils in your veins!
You are no longer berserk.
You are exhausted.
You feel as though you will be slow longer.
You feel sick. The yak gores you but does no damage.
You hear some strange, mumbled words.
A lance of force appears from out of thin air!
The lance of force hits you.
* * * LOW HITPOINT WARNING * * *
You cannot move.
Unknown command.
It was a potion of magic.
Magic courses through your body.
You creak as the wereblood boils in your veins!
You feel sick.
You are no longer poisoned.
The yak gores you but does no damage.
You hear some strange, mumbled words.
A bolt of poison appears from out of thin air!
The bolt of poison hits you! You resist.
* * * LOW HITPOINT WARNING * * *
Unknown command.
It was a potion of haste.
You feel yourself speed up.
You creak as the wereblood boils in your veins!
The yak gores you!
You die...

.............. ....
......$...... #..#
.... .............
...# ....
.........Y.. .....
.... ...........
..... ....
.........### ......
....
...........#.##......
.o.#
....##......{........
.#
......##....#Y♣###..
.o ...##.##.>..#†.#
...
##..##..........##
....
....#.....#.....##
..#.
.......#..#......##
..#.
.##..####..........
..
....................
..
......###...........
@.
..##.###.............


You could see a yak.

Vanquished Creatures
  A hornet (D:7)
  Sigmund (D:6)
  2 yaks (D:8)
  3 steam dragons (D:7)
  2 water moccasins
  An orc warrior (D:6)
  3 black bears
  4 sky beasts
  2 ogres (D:4)
  2 ice beasts
  2 centaurs
  2 phantoms (D:6)
  A kobold brigand (D:6)
  A necrophage (D:6)
  A gnoll sergeant (D:7)
  A spectral water moccasin (D:6)
  3 scorpions
  5 wights (D:6)
  6 howler monkeys
  6 quasits (D:4)
  5 hounds
  6 orc priests
  6 orc wizards
  A bullfrog skeleton (D:6)
  Ijyb (D:4)
  Natasha (thrice) (D:2)
  6 iguanas
  A killer bee zombie (D:6)
  A bullfrog simulacrum (D:6)
  6 gnolls
  15 adders
  3 river rats (Sewer)
  4 shadow imps (D:4)
  3 white imps
  2 ufetubi
  A worm (D:4)
  31 orcs
  13 ball pythons
  7 bats
  7 endoplasms
  5 giant cockroaches
  5 goblins
  4 hobgoblins
  4 jackals (D:1)
  4 quokkas
  7 frilled lizards
  12 kobolds
  2 rats (D:1)
214 creatures vanquished.

Vanquished Creatures (others)
  2 demonic plants (D:4)
  2 plants (D:4)
  6 withered plants (D:6)
10 creatures vanquished.

Grand Total: 224 creatures vanquished

Notes
Turn   | Place    | Note
-------+----------+-------------------------------------------
     0 | D:1      | ytrimaz the Octopode Transmuter began the quest for the
                  | Orb.
     0 | D:1      | Reached XP level 1. HP: 13/13 MP: 3/3
   614 | D:1      | Reached XP level 2. HP: 7/18 MP: 3/5
   900 | D:1      | Found a faded altar of an unknown god.
  1103 | D:1      | Reached XP level 3. HP: 20/23 MP: 6/6
  1106 | D:1      | Learned a level 2 spell: Wereblood
  1110 | D:1      | Learned a level 3 spell: Spider Form
  1799 | D:2      | Reached skill level 1 in Poison Magic
  1855 | D:2      | Reached XP level 4. HP: 5/28 MP: 7/7
  2119 | D:2      | Noticed Natasha
  2124 | D:2      | Killed Natasha
  2269 | D:2      | Noticed Natasha
  2275 | D:2      | Killed Natasha
  2281 | D:2      | Reached XP level 5. HP: 29/33 MP: 5/9
  2486 | D:2      | Noticed Natasha
  2495 | D:2      | Killed Natasha
  2639 | D:3      | Found an iron altar of Okawaru.
  2795 | D:3      | Found a glowing drain.
  2950 | D:3      | Reached XP level 6. HP: 34/38 MP: 6/10
  2969 | Sewer    | Entered a sewer
  2975 | Sewer    | Learned a level 4 spell: Ice Form
  4228 | D:4      | Reached XP level 7. HP: 43/43 MP: 9/13
  4329 | D:4      | Noticed Ijyb
  4345 | D:4      | Killed Ijyb
  4670 | D:4      | Reached skill level 5 in Transmutations
  4737 | D:4      | Reached skill level 5 in Spellcasting
  5002 | D:4      | Reached XP level 8. HP: 47/48 MP: 9/15
  5455 | D:5      | Entered Level 5 of the Dungeon
  5589 | D:5      | Reached skill level 1 in Ice Magic
  6196 | D:5      | Found Baumes's Neck Hole.
  7492 | D:6      | Reached XP level 9. HP: 28/53 MP: 15/18
  7885 | D:6      | Noticed Sigmund
  7903 | D:6      | Killed Sigmund
  8620 | D:6      | Found the +4 dagger "Morg" {pain, Will+ Int+5}
  9355 | D:7      | Reached XP level 10. HP: 54/58 MP: 22/22
  9382 | D:7      | Reached skill level 5 in Ice Magic
 11226 | D:7      | Found a staircase to the Ecumenical Temple.
 11358 | D:7      | Paralysed by a hornet for 3 turns
 11741 | Temple   | Entered the Ecumenical Temple
 11789 | Temple   | Became a worshipper of Ashenzari the Shackled
 11831 | D:8      | Noticed Erica
 11993 | D:8      | HP: 2/87 [something/bolt of poison (10)]
 11994 | D:8      | Mangled by a yak

Illustrated notes

Levels and vault maps discovered:
D:1:      minmay_arrival_up_and_down, layout_basic,
          hellmonk_ecumenical_altar_heavens_door, serial_bayou_pond_d
D:2:      layout_basic, uniq_natasha
D:3:      layout_loops_cross, mainiacjoe_overflow_small_starburst,
          gup_sewer_entry_glass
D:4:      layout_rooms, serial_demonic, serial_demonic_a, serial_demonic_f,
          serial_demonic_c, serial_demonic_b, serial_demonic_d,
          serial_bayou_pond_a, uniq_ijyb
D:5:      layout_basic, nicolae_shop_sticking_my_neck_out
D:6:      layout_basic, dilly_guarded_unrand_morg, uniq_sigmund
D:7:      layout_gridville, minmay_temple_entry_ruins, hangedman_misty_isle
D:8:      layout_cave_pools, minmay_misc_feat_cross, feat_on_display, uniq_erica
Temple:   hellmonk_temple_of_storms

Skill      XL: |  1  2  3  4  5  6  7  8  9 10 |
---------------+-------------------------------+-----
Unarmed Combat | 4 |  4.3
Poison Magic   | 1 2 3 4 |  4.0
Transmutations | 3 4 5 7 8 9 |  9.4
Spellcasting   | 3 4 5 6 8 9 |  9.3
Ice Magic      | 2 4 5 |  5.0
Fighting       | |  1.0
Dodging        | |  2.0

Action                   |  1- 3 |  4- 6 |  7- 9 | 10-12 || total
-------------------------+-------+-------+-------+-------++-------
Melee: Unarmed           |    66 |   152 |   352 |   139 ||   709
       Kick              |    11 |     9 |       |       ||    20
       Constrict         |    17 |    15 |     1 |       ||    33
       Tentacles         |    17 |     7 |     2 |       ||    26
       Punch             |     1 |     1 |       |     2 ||     4
 Cast: Beastly Appendage |    26 |    11 |     6 |     7 ||    50
       Spider Form       |       |    15 |    33 |     3 ||    51
       Wereblood         |       |     3 |     7 |     4 ||    14
       Ice Form          |       |       |    16 |    13 ||    29
  Use: Scroll            |     4 |     4 |     6 |     2 ||    16
       Potion            |       |       |     6 |     9 ||    15
 Stab: Sleeping          |     6 |     5 |       |       ||    11
Armor: Skin              |     9 |    18 |    90 |    88 ||   205
Dodge: Dodged            |    37 |   176 |   283 |   110 ||   606

Table legend: (Time is in decaauts)
 A = Elapsed time spent in this place.
 B = Non-inter-level travel time spent in this place.
 C = Inter-level travel time spent in this place.
 D = Time resting spent in this place.
 E = Time spent auto-exploring this place.
 F = Levels seen in this place.
 G = Mean time per level.
                   A        B        C        D        E       F      G
               +--------+--------+--------+--------+--------+-----+--------+
         Total |  11951 |  11615 |    336 |   1387 |   8163 |  10 | 1195.1 |
       Dungeon |  11378 |  11076 |    302 |   1368 |   7848 |   8 | 1422.2 |
        Temple |     69 |     35 |     34 |      0 |     18 |   1 |   69.0 |
         Sewer |    503 |    503 |      0 |     19 |    297 |   1 |  503.0 |
               +--------+--------+--------+--------+--------+-----+--------+

Top non-repeatable levels by time:
     D:6: 2365 daAuts
     D:7: 1966 daAuts
     D:5: 1719 daAuts
     D:1: 1630 daAuts
     D:4: 1540 daAuts
     D:3: 1034 daAuts
     D:2: 1001 daAuts
   Sewer: 503 daAuts
     D:8: 120 daAuts
  Temple: 69 daAuts
